 Seeded DCSS version 0.27.1 (webtiles) character file.

Game seed: 16843347396602353568 (custom seed)

971 voltaire321 the Ducker (level 7, -2/55 HPs)
             Began as a Demonspawn Gladiator on Aug 24, 2021.
             Was an Initiate of Makhleb.
             Slain by an orc warrior (15 damage)
             ... on level 5 of the Dungeon.
             The game lasted 00:15:06 (4727 turns).

voltaire321 the Ducker (Demonspawn Gladiator)       Turns: 4727, Time: 00:15:07

Health: -2/55      AC: 11    Str: 17    XL:     7   Next: 94%
Magic:  7/7        EV: 14    Int: 10    God:    Makhleb [......]
Gold:   1147       SH:  0    Dex: 18    Spells: 6/6 levels left

rFire    . . .     SeeInvis +   a - +0 long sword
rCold    . . .     Faith    .   (no shield)
rNeg     . . .     Spirit   .   b - +0 leather armour
rPois    .         Reflect  .   c - +0 helmet
rElec    .         Harm     .   m - +2 cloak {rCorr}
rCorr    +         Rampage  .   n - +1 pair of gloves {Str+3}
Will     .....                  j - +0 pair of boots
Stlth    ++........             s - amulet of regeneration
HPRegen  1.18/turn              w - ring of see invisible
MPRegen  0.20/turn              (no ring)

@: no status effects
A: thin skeletal structure 1, powered by death 1, magic regeneration
a: Renounce Religion


You were on level 5 of the Dungeon.
You worshipped Makhleb.
Makhleb was noncommittal.
You visited 2 branches of the dungeon, and saw 6 of its levels.
You also visited: Sewer.

You collected 1147 gold pieces.

Inventory:

Hand Weapons
 a - a +0 long sword (weapon)
Missiles
 d - 3 throwing nets
 i - 6 atropa-tipped darts
 q - 6 curare-tipped darts
 x - 13 poisoned darts (quivered)
Armour
 b - a +0 leather armour (worn)
 c - a +0 helmet (worn)
 j - a +0 pair of boots (worn)
 m - a +2 cloak of preservation (worn)
 n - a +1 pair of gloves of strength (worn)
Jewellery
 e - an amulet of the acrobat
 s - an amulet of regeneration (around neck)
 w - a ring of see invisible (left hand)
Scrolls
 g - 2 scrolls of enchant weapon {unknown}
 l - 2 scrolls of enchant armour {unknown}
 p - a scroll of holy word {unknown}
 r - a scroll of teleportation {unknown}
 u - 2 scrolls of identify {unknown}
Potions
 f - 2 potions of attraction {unknown}
 h - 3 potions of curing {unknown}
 k - 3 potions of might {unknown}
 o - a potion of berserk rage
 t - a potion of cancellation {unknown}
 v - a potion of degeneration {unknown}


   Skills:
 + Level 4.4 Fighting
 + Level 4.5 Long Blades
 + Level 4.0 Throwing
 + Level 3.4 Armour
 + Level 4.5 Dodging
 + Level 1.2 Invocations


You had 6 spell levels left.
You didn't know any spells.
Your spell library contained the following spells:

 Spells                   Type           Power      Damage    Failure   Level
 Shock                    Conj/Air       0%         1d3       41%         1
 Summon Small Mammal      Summ           0%         N/A       41%         1
 Call Canine Familiar     Summ           0%         N/A       80%         3
 Conjure Flame            Conj/Fire      0%         6-21      80%         3
 Ignite Poison            Fire/Tmut/Pois 0%         N/A       80%         3
 Summon Guardian Golem    Hex/Summ       0%         N/A       80%         3
 Swiftness                Air            0%         N/A       80%         3
 Tukima's Dance           Hex            0%         N/A       80%         3
 Airstrike                Air            0%         N/A       99%         4
 Passage of Golubria      Tloc           N/A        N/A       99%         4
 Sticky Flame             Conj/Fire      0%         2d3       99%         4
 Yara's Violent Unravell  Hex/Tmut       0%         3d3       100%        5


Dungeon Overview and Level Annotations

Branches:
Dungeon (5/15)             Temple (1/1) D:4           Sewer (visited)

Altars:
Ashenzari
Cheibriados
Dithmenos
Elyvilon
Fedhas
Hepliaklqana
Kikubaaqudgha
Makhleb
Nemelex Xobeh
Okawaru
Qazlal
Ru
Vehumet
Xom
Yredelemnul
The Shining One


Innate Abilities, Weirdness & Mutations

You have a somewhat thin skeletal structure. (Dex +2, Stealth+)
You regenerate a little health from kills.
You regenerate magic rapidly.


Message History

There is an open door here.
An orc and an orc warrior come into view.
The orc warrior is wielding a +2 halberd of flaming.
The orc closely misses you.
You riposte.
You barely miss the orc.
The orc priest shouts!
You barely miss the orc priest.
You hear a shout!
You hear a bark!
A hound comes into view.
The orc priest mumbles some strange prayers to Beogh against you.
Beogh smites you! The orc closely misses you.
The orc priest mumbles some strange prayers to Beogh against you.
Beogh smites you!
The orc priest calls down the wrath of Beogh upon you.
Beogh smites you! The hound barely misses you.
You riposte.
You closely miss the hound.
There is an open door here.
You miss the hound. The hound bites you but does no damage.
The hound misses you.
You riposte.
You hit the hound.
The hound is moderately wounded.
The orc warrior hits you from afar with a +2 halberd of flaming.
The orc warrior burns you.
You hit the hound.
The hound is heavily wounded.
The hound barely misses you.
An orc priest comes into view. It is wielding a +0 war axe.
The orc priest looks satisfied for a moment.
The orc warrior closely misses you. The hound barely misses you.
You barely miss the hound.
The hound is heavily wounded.
The hound bites you but does no damage.
The orc warrior hits you from afar with a +2 halberd of flaming!
* * * LOW HITPOINT WARNING * * *
The orc warrior burns you.
* * * LOW HITPOINT WARNING * * *
The hound barely misses you.
You hit the hound.
The hound is almost dead.
The hound closely misses you.
The orc warrior hits you from afar with a +2 halberd of flaming!
You die...

#.# ##### #.##....#
.... #........
.......#o.......
........#........
........#o......#
.).......#oo.....#
..........#h#######
...........@.......
#..................
#.................[
#..................
#..<...............
#..................
#..................
########'#######+#.
#...........


You could see an orc warrior, a hound, 2 orc priests and an orc.

Vanquished Creatures
  Pikel (D:4)
  A water moccasin (Sewer)
  A lemure (D:4)
  A scorpion (D:4)
  A centaur zombie (D:5)
  An orc priest (D:3)
  A gnoll shaman (D:3)
  An iguana (D:3)
  2 orc wizards
  A howler monkey skeleton (D:4)
  6 gnolls
  6 adders
  2 river rats (D:3)
  A shadow imp (D:3)
  A worm (D:3)
  3 dart slugs
  7 orcs
  8 ball pythons
  11 bats
  5 endoplasms
  5 giant cockroaches
  7 goblins
  5 hobgoblins
  6 jackals
  A quokka (D:4)
  4 frilled lizards
  6 kobolds
  4 rats
99 creatures vanquished.

Notes
Turn   | Place    | Note
-------+----------+-------------------------------------------
     0 | D:1      | voltaire321 the Demonspawn Gladiator began the quest for
                  | the Orb.
     0 | D:1      | Reached XP level 1. HP: 16/16 MP: 1/1
   113 | D:1      | Found a faded altar of an unknown god.
   212 | D:1      | Gained mutation: You regenerate a little health from kills.
                  | [demonic ancestry]
   212 | D:1      | Reached XP level 2. HP: 22/22 MP: 2/2
   898 | D:2      | Reached XP level 3. HP: 28/28 MP: 3/3
  1313 | D:1      | Reached skill level 1 in Armour
  1578 | D:2      | Gained mutation: You regenerate magic rapidly. [demonic
                  | ancestry]
  1578 | D:2      | Reached XP level 4. HP: 31/34 MP: 4/4
  2149 | D:3      | Found a glowing drain.
  2173 | D:3      | Identified 3 scrolls of acquirement
  2173 | D:3      | Acquired a +2 cloak of preservation
  2174 | D:3      | Acquired a +1 pair of gloves of strength
  2176 | D:3      | Acquired 887 gold pieces
  2228 | Sewer    | Entered a sewer
  2255 | Sewer    | Noticed a water moccasin
  2262 | Sewer    | Killed a water moccasin
  2263 | Sewer    | Reached XP level 5. HP: 32/41 MP: 5/5
  2461 | D:3      | Reached XP level 6. HP: 31/47 MP: 6/6
  3621 | D:4      | Noticed Pikel
  3674 | D:4      | Killed Pikel
  3675 | D:4      | Gained mutation: You have a somewhat thin skeletal
                  | structure. (Dex +2, Stealth+) [demonic ancestry]
  3675 | D:4      | Reached XP level 7. HP: 54/54 MP: 7/7
  3782 | D:4      | Found a staircase to the Ecumenical Temple.
  3807 | Temple   | Entered the Ecumenical Temple
  3980 | Temple   | Became a worshipper of Makhleb the Destroyer
  4174 | D:4      | Reached skill level 1 in Invocations
  4607 | D:5      | Entered Level 5 of the Dungeon
  4727 | D:5      | Slain by an orc warrior

Illustrated notes

Levels and vault maps discovered:
D:1:      wander_arrival_desolate, layout_rooms,
          hellmonk_ecumenical_altar_leap_of_faith,
          chequers_serial_rivers_micro_d
D:2:      layout_loops_corners
D:3:      layout_basic, portal_sewer_entry_a
D:4:      layout_basic, minmay_temple_entry_sparse_star, uniq_pikel
D:5:      layout_gridville, gammafunk_ghost_icy
Temple:   nicolae_temple_elliptical

Skill      XL: |  1  2  3  4  5  6  7 |
---------------+----------------------+-----
Throwing       | 2 3 4 |  4.0
Dodging        | 3 4 |  4.5
Long Blades    | 3 4 |  4.5
Armour         | 1 2 3 |  3.4
Fighting       | 3 4 |  4.4
Invocations    | 1 |  1.2

Action                   |  1- 3 |  4- 6 |  7- 9 || total
-------------------------+-------+-------+-------++-------
Melee: Long sword        |    91 |   165 |    57 ||   313
Throw: Dart              |       |     2 |     1 ||     3
  Use: Scroll            |       |     4 |       ||     4
 Stab: Sleeping          |       |     1 |     2 ||     3
Armor: Leather armour    |    25 |    79 |    22 ||   126
       Skin              |       |     3 |       ||     3
Dodge: Dodged            |    72 |   143 |    48 ||   263
       Rpst.: Long sword |    15 |    42 |    13 ||    70
